 Dungeon Crawl Stone Soup version 0.20-a0-959-gdc9e609 (webtiles) character file.

79 esteth the Sneak (level 4, 0/21 HPs)
             Began as a Spriggan Enchanter on Apr 6, 2017.
             Was an Initiate of Sif Muna.
             Succumbed to an adder's poison
             ... on level 3 of the Dungeon.
             The game lasted 00:06:21 (3142 turns).

esteth the Sneak (Spriggan Enchanter)               Turns: 3142, Time: 00:06:22

Health: 0/21       AC:  2    Str:  4    XL:     4   Next: 16%
Magic:  1/9        EV: 18    Int: 17    God:    Sif Muna [......]
Gold:   133        SH:  0    Dex: 16    Spells: 5/8 levels left

rFire    . . .     SeeInvis +   a - +1 dagger
rCold    . . .     Gourm    .   (shield restricted)
rNeg     . . .     Faith    +   b - +0 robe
rPois    .         Spirit   .   (helmet restricted)
rElec    .         Reflect  .   (no cloak)
rCorr    .         Harm     .   (gloves unavailable)
MR       .....                  (boots unavailable)
Stlth    +++.......             h - amulet of faith
Regen    0.1/turn               n - ring of loudness (curse)
MPRegen  0.2/turn               (no ring)

@: lethally poisoned (0 -> -3), very quick
A: unfitting armour, see invisible, herbivore 3, speed 3, slow metabolism 2
a: Renounce Religion


You were on level 3 of the Dungeon.
You worshipped Sif Muna.
Sif Muna was noncommittal.
You were very hungry.

You visited 1 branch of the dungeon, and saw 3 of its levels.

You collected 133 gold pieces.

Inventory:

Hand Weapons
 a - a +1 dagger (weapon)
Armour
 b - a +0 robe (worn)
Jewellery
 h - an amulet of faith (around neck)
 i - an uncursed amulet of guardian spirit
 n - a cursed ring of loudness (left hand)
Scrolls
 o - a scroll of identify
 q - a scroll of recharging {unknown}
Potions
 e - a potion of agility {unknown}
 f - 2 potions of haste
 g - a potion of ambrosia
 j - 3 potions of curing {unknown}
 k - a potion of flight {unknown}
 l - a potion of cancellation {unknown}
 m - a potion of might {unknown}
 p - a potion of heal wounds {unknown}
 s - 2 potions of lignification {unknown}
Books
 c - a book of Maledictions

   Spells                             Type                      Level
   a - Corona                         Hexes                        1
   b - Ensorcelled Hibernation        Hexes/Ice                    2
   c - Confuse                        Hexes                        3
   d - Tukima's Dance                 Hexes                        3
   e - Dazzling Spray                 Conjuration/Hexes            3
Comestibles
 d - a bread ration
 r - 2 royal jellies


   Skills:
 - Level 2.3 Short Blades
 - Level 3.0 Dodging
 + Level 7.0 Stealth
 - Level 2.6 Spellcasting
 - Level 3.6 Hexes


You had 5 spell levels left.
You knew the following spells:

 Your Spells              Type           Power        Failure   Level  Hunger
a - Corona                Hex            ##.....      4%          1    #......
b - Ensorcelled Hibernat  Hex/Ice        #.....       17%         2    ##.....


Dungeon Overview and Level Annotations

Branches:
Dungeon (3/15)

Altars:
Sif Muna


Innate Abilities, Weirdness & Mutations

You are very small and have problems with some larger weapons.
You are too small for most types of armour.
You have supernaturally acute eyesight. (SInv)
You are a herbivore.
You cover ground extremely quickly.
You need consume almost no food.


Message History

The adder closely misses you. The adder barely misses you.
You closely miss the adder.
The adder is heavily wounded.
The adder bites you.
* * * LOW HITPOINT WARNING * * *
You are poisoned.
The adder poisons you!
You closely miss the adder.
The adder is heavily wounded.
You feel sick. The adder completely misses you.
You hit the adder but do no damage.
The adder is heavily wounded.
The adder misses you.
You closely miss the adder.
The adder is heavily wounded.
The adder bites you.
* * * LOW HITPOINT WARNING * * *
You barely miss the adder.
The adder is heavily wounded.
You die...

..# ####.##.##.# ..#
####......)# #.#
#.....#.#.## #.# #.###.#.#.#
# #.# #.# #.....# .#
#.#####.###.#.#.# ..#
............#.#.#######...##
##..(..##..<....##K.........
#.......>###.#.@SS.(.......
#.....#### #.####(.........
#.....# #.# ####.#...#.
####### #.# .# ..# #.. .# .#
####### ##. .. .. ......## .
.. . #......# .# .##
.......#


You could see 2 adders and a kobold.

Vanquished Creatures
  5 worms
  3 dart slugs
  A leopard gecko (D:1)
  6 bats
  4 giant cockroaches
  4 goblins
  8 hobgoblins
  6 jackals (D:2)
  5 kobolds (D:2)
  7 frilled lizards
  4 rats
53 creatures vanquished.

Notes
Turn   | Place    | Note
-------+----------+-------------------------------------------
     0 | D:1      | esteth the Spriggan Enchanter began the quest for the Orb.
     0 | D:1      | Reached XP level 1. HP: 9/9 MP: 5/5
   256 | D:1      | Reached XP level 2. HP: 11/13 MP: 6/6
   531 | D:1      | Learned a level 2 spell: Ensorcelled Hibernation
   689 | D:1      | Reached skill level 5 in Stealth
  1366 | D:2      | Reached XP level 3. HP: 16/16 MP: 8/8
  1502 | D:2      | Found a deep blue altar of Sif Muna.
  1505 | D:2      | Became a worshipper of Sif Muna the Loreminder
  1723 | D:2      | Reached skill level 6 in Stealth
  2688 | D:2      | Reached XP level 4. HP: 21/21 MP: 9/9
  3033 | D:3      | Reached skill level 7 in Stealth
  3141 | D:3      | HP: 1/21 [adder (4)]
  3142 | D:3      | Succumbed to an adder's poison

Vault maps used:
D:1:      lightli_arrival_farm
D:2:      kennysheep_big_flooded_room, lemuel_blue_sif_altar, dk_noncrumbling_4

Skill      XL: |  1  2  3  4 |
---------------+-------------+-----
Short Blades   | 2 |  2.3
Stealth        | 5 6 7 |  7.0
Dodging        | |  3.0
Spellcasting   | |  2.6
Hexes          | |  3.6

Action                   |  1- 3 |  4- 6 || total
-------------------------+-------+-------++-------
Melee: Dagger            |   217 |    51 ||   268
 Cast: Ensorcelled Hiber |     6 |     8 ||    14
  Use: Scroll            |     3 |       ||     3
 Stab: Sleeping          |    16 |     3 ||    19
Armor: Robe              |    25 |     4 ||    29
Dodge: Dodged            |   180 |    47 ||   227
